 Dungeon Crawl Stone Soup version 0.21.1-1-g345015f (webtiles) character file.

21373 GrunderHorse the Impaler (level 12, -14/100 HPs)
             Began as a Merfolk Gladiator on Feb 16, 2018.
             Was an Elder of Wu Jian.
             Demolished by a minotaur
             ... wielding a +0 quarterstaff
              (17 damage)
             ... in a labyrinth.
             The game lasted 01:10:07 (19821 turns).

GrunderHorse the Impaler (Merfolk Gladiator)       Turns: 19821, Time: 01:10:08

Health: -14/100    AC: 10    Str: 15    XL:     12   Next: 89%
Magic:  12/12      EV: 23    Int:  7    God:    Wu Jian [****..]
Gold:   713        SH:  0    Dex: 20    Spells: 11/11 levels left

rFire    + . .     SeeInvis +   h - +4 halberd
rCold    . . .     Gourm    .   (shield currently unavailable)
rNeg     . . .     Faith    +   e - +1 troll leather armour
rPois    +         Spirit   .   c - +0 helmet
rElec    +         Reflect  .   R - +1 cloak {rPois}
rCorr    .         Harm     .   i - +0 pair of gloves {archery}
MR       .....                  z - +0 pair of boots of Yvife {+Inv rElec rF+ Regen+}
Stlth    +++.......             l - amulet of faith
HPRegen  1.06/turn              v - ring of stealth
MPRegen  0.13/turn              I - ring of see invisible

@: no status effects
A: change form in water, swift swim, stealthy swim
a: Wall Jump, Serpent's Lash, Renounce Religion, Evoke Invisibility


You were in a labyrinth.
You worshipped Wu Jian.
Wu Jian was greatly pleased with you.
You were not hungry.

You visited 4 branches of the dungeon, and saw 16 of its levels.
You also visited: Labyrinth.

You collected 908 gold pieces.
You spent 195 gold pieces at shops.

Inventory:

Hand Weapons
 h - a +4 halberd (weapon)
 H - a +0 spear
Missiles
 L - a tomahawk (quivered)
Armour
 c - a +0 helmet (worn)
 e - a +1 troll leather armour (worn)
 i - a +0 pair of gloves of archery (worn)
 u - a +0 shield
 z - the +0 pair of boots of Yvife (worn) {+Inv rElec rF+ Regen+}
   (You found it on level 1 of the Lair of Beasts)

   It protects you from fire.
   It insulates you from electricity.
   It lets you turn invisible.
   It increases your rate of regeneration.
 G - the +0 robe "Une Arph" {+Fly rPois Dex-2 SInv}
   (You found it on level 1 of the Lair of Beasts)

   It affects your dexterity (-2).
   It protects you from poison.
   It lets you see invisible.
   It lets you fly.
 M - a +3 leather armour of magic resistance
 R - a +1 cloak of poison resistance (worn)
Jewellery
 l - an amulet of faith (around neck)
 r - an uncursed ring of positive energy {unknown}
 v - a ring of stealth (left hand)
 I - a ring of see invisible (right hand)
Wands
 b - a wand of paralysis (8)
 d - a wand of enslavement (6)
 k - a wand of digging (5)
 n - a wand of random effects (19)
 O - a wand of polymorph (12)
Scrolls
 a - 2 scrolls of remove curse
 j - 4 scrolls of teleportation
 m - 4 scrolls of magic mapping {unknown}
 o - a scroll of silence {unknown}
 q - 7 scrolls of identify
 s - a scroll of torment {unknown}
 x - a scroll of fog
 y - 2 scrolls of enchant weapon
 B - 5 scrolls of amnesia
 E - a scroll of fear
 F - a scroll of vulnerability {unknown}
 J - a scroll of blinking {unknown}
 K - a scroll of acquirement
Potions
 g - a potion of agility
 p - a potion of berserk rage
 t - a potion of cancellation {unknown}
 w - 2 potions of brilliance
 A - 4 potions of curing
 C - a potion of ambrosia
 D - a potion of mutation
Comestibles
 f - 17 rations


   Skills:
 + Level 11.4 Fighting
 * Level 19.0 Polearms
 - Level 2.0 Throwing
 + Level 14.0 Dodging
 - Level 4.0 Shields


You had 11 spell levels left.
You didn't know any spells.

Dungeon Overview and Level Annotations

Branches:
Dungeon (11/15)            Temple (1/1) D:7            Lair (3/6) D:11
 Shoals (0/4) Lair:3        Snake (0/4) Lair:3          Orc (1/2) D:11

Altars:
Dithmenos
Fedhas
Hepliaklqana
Okawaru
Wu Jian
Zin
Beogh

Shops:
D:8 (   Orc:1 *

Annotations:
D:8 Erica
Lair:1 exclusion: oklob plant
Lair:3 exclusion: oklob plant, Urug
Orc:1 Erolcha


Message History

You repeatedly attack the minotaur from above.
You completely miss the minotaur.
The minotaur furiously retaliates!
The minotaur headbutts you.
The minotaur is heavily wounded.
You slice the minotaur!!
The minotaur is almost dead.
The minotaur hits you with a quarterstaff!!
The minotaur barely misses you.
The minotaur hits you with a quarterstaff!!
* * * LOW HITPOINT WARNING * * *
The minotaur closely misses you.
Found a quarterstaff.
Found an escape hatch in the ceiling.
Okay, then.
Okay, then.
You spin and attack the minotaur.
You puncture the minotaur!
The minotaur is almost dead.
The minotaur hits you with a quarterstaff!!
* * * LOW HITPOINT WARNING * * *
The minotaur gores you!
You die...

### # #.. .#
#.# ###.# #.#
#...
#.#####.#
#.......#
#..#'#H@# #
#..#.#..#
.##.#.#..###
#....#.#....
####.#<#..#.#
..###..#.#
#.......# #
#...#. ......
# ###
#.#######


You could see a minotaur (pinned).

Vanquished Creatures
  An orc warlord (D:11)
  Harold (D:10)
  2 two-headed ogres
  4 death yaks (Lair:3)
  Nergalle (D:11)
  A wizard (D:10)
  An ugly thing (D:11)
  A manticore (D:11)
  Maurice (D:10)
  A troll (D:9)
  A gargoyle (D:11)
  3 spiny frogs
  2 rime drakes
  2 komodo dragons
  A merfolk (D:10)
  3 blink frogs (Lair:3)
  Prince Ribbit (D:6)
  5 hippogriffs
  A shadow (D:11)
  12 yaks
  A basilisk (Lair:1)
  A hungry ghost (D:10)
  4 nagas (Lair:3)
  3 water moccasins
  5 porcupines
  8 orc warriors
  A black bear (D:11)
  An ice beast (D:7)
  A necrophage (D:7)
  A phantom (D:6)
  4 ogres
  5 centaurs
  11 wolves
  3 crocodiles
  8 bullfrogs
  5 scorpions
  A water moccasin skeleton (D:9)
  9 wights
  6 electric eels
  A howler monkey (D:7)
  A bullfrog zombie (D:5)
  A crimson imp (D:8)
  A quasit (D:8)
  4 orc priests
  A hound (D:5)
  A jelly (D:9)
  A centaur zombie (D:7)
  3 bullfrog skeletons
  3 centaur skeletons
  Terence (D:2)
  2 iguanas
  3 worker ants
  11 orc wizards
  A hound zombie (D:3)
  2 hound skeletons
  A worker ant zombie (D:8)
  12 adders
  2 howler monkey skeletons
  2 shadow imps
  2 adder skeletons
  3 worms
  3 dart slugs
  7 leopard geckos
  37 orcs
  14 bats
  4 giant cockroaches
  5 goblins
  6 hobgoblins
  24 jackals
  6 kobolds
  2 quokkas
  A ball python (D:6)
  3 frilled lizards
  A jackal zombie (D:5)
  A leopard gecko skeleton (D:7)
  A quokka skeleton (D:5)
  11 rats
  A plant (Lair:3)
309 creatures vanquished.

Vanquished Creatures (collateral kills)
  A hungry ghost (D:9)
  An ice beast (D:9)
  A bullfrog (D:9)
  A wight (D:9)
4 creatures vanquished.

Vanquished Creatures (others)
  An orc warrior (Orc:1)
  A wyvern skeleton (D:11)
  3 plants (Lair:3)
5 creatures vanquished.

Grand Total: 318 creatures vanquished

Notes
Turn   | Place    | Note
-------+----------+-------------------------------------------
     0 | D:1      | GrunderHorse the Merfolk Gladiator began the quest for the Orb.
     0 | D:1      | Reached XP level 1. HP: 16/16 MP: 1/1
    90 | D:1      | Reached XP level 2. HP: 22/22 MP: 2/2
    94 | D:1      | Reached skill level 5 in Polearms
   396 | D:1      | Found a blossoming altar of Fedhas.
   668 | D:1      | Reached XP level 3. HP: 27/27 MP: 3/3
  1400 | D:2      | Reached skill level 6 in Polearms
  1683 | D:2      | Reached XP level 4. HP: 11/33 MP: 4/4
  2440 | D:2      | Reached skill level 5 in Dodging
  2764 | D:3      | Found an iron altar of Okawaru.
  3023 | D:3      | Reached skill level 7 in Polearms
  3023 | D:3      | Reached XP level 5. HP: 37/38 MP: 5/5
  3250 | D:3      | Found a blossoming altar of Fedhas.
  3266 | D:3      | Noticed Terence
  3609 | D:2      | Killed Terence
  4071 | D:4      | Reached skill level 8 in Polearms
  4071 | D:4      | Reached skill level 1 in Shields
  4071 | D:4      | Reached XP level 6. HP: 27/44 MP: 6/6
  5286 | D:4      | Reached skill level 9 in Polearms
  5861 | D:5      | Entered Level 5 of the Dungeon
  6154 | D:5      | Reached XP level 7. HP: 40/50 MP: 7/7
  6469 | D:5      | Reached skill level 10 in Polearms
  7779 | D:6      | Reached skill level 11 in Polearms
  7779 | D:6      | Reached XP level 8. HP: 51/56 MP: 8/8
  7790 | D:6      | Found a hazy altar of Hepliaklqana.
  8158 | D:6      | Noticed Prince Ribbit
  8506 | D:6      | Killed Prince Ribbit
  8506 | D:6      | Reached skill level 12 in Polearms
  9257 | D:7      | Reached XP level 9. HP: 50/64 MP: 9/9
  9401 | D:7      | Found a staircase to the Ecumenical Temple.
  9423 | Temple   | Entered the Ecumenical Temple
  9442 | Temple   | Became a worshipper of the Wu Jian Council
  9518 | D:7      | Noticed a troll
 10319 | D:8      | Found Ritwox's Antique Weapon Boutique.
 10360 | D:8      | Reached skill level 5 in Fighting
 10593 | D:8      | Noticed Erica
 11944 | D:9      | Noticed a troll
 12354 | D:9      | Reached * piety under Wu Jian
 12451 | D:9      | Noticed a two-headed ogre
 13094 | D:9      | Reached skill level 10 in Dodging
 13429 | D:9      | Killed a troll
 13429 | D:9      | Reached skill level 13 in Polearms
 13429 | D:9      | Reached XP level 10. HP: 80/80 MP: 10/10
 13736 | D:9      | Killed a two-headed ogre
 13912 | D:10     | Entered Level 10 of the Dungeon
 13912 | D:10     | Noticed Harold
 13921 | D:9      | Identified a scroll of acquirement
 14043 | D:10     | Reached ** piety under Wu Jian
 14043 | D:10     | Reached skill level 14 in Polearms
 14066 | D:10     | Noticed a wizard
 14073 | D:10     | Killed a wizard
 14284 | D:10     | Noticed Maurice
 14550 | D:10     | Killed Harold
 14550 | D:10     | Reached skill level 15 in Polearms
 14550 | D:10     | Reached XP level 11. HP: 69/89 MP: 11/11
 14595 | D:10     | Killed Maurice
 14799 | D:11     | Noticed a purple ugly thing
 14819 | D:11     | Killed a purple ugly thing
 14972 | D:11     | Noticed a manticore
 14984 | D:11     | Reached *** piety under Wu Jian
 14995 | D:11     | Killed a manticore
 15354 | D:11     | Noticed a two-headed ogre
 15368 | D:11     | Killed a two-headed ogre
 15368 | D:11     | Reached skill level 16 in Polearms
 15604 | D:11     | Found a staircase to the Orcish Mines.
 15604 | D:11     | Found a staircase to the Lair.
 15604 | D:11     | Noticed Nergalle
 15643 | D:11     | Killed Nergalle
 15650 | D:11     | Got a pair of faintly glowing boots
 15663 | D:11     | Identified the cursed +0 pair of boots "Meufreik" {rCorr Int-3 Dex+3} (You found it on level 11 of the Dungeon)
 15681 | Orc:1    | Entered Level 1 of the Orcish Mines
 15684 | Orc:1    | Found Qayhan's Assorted Antiques.
 15704 | Orc:1    | Bought a pair of runed gloves for 195 gold pieces
 15751 | Orc:1    | Found a roughly hewn altar of Beogh.
 15851 | Orc:1    | Noticed an orc warlord
 15872 | Orc:1    | Reached skill level 10 in Fighting
 16314 | D:11     | Killed an orc warlord
 16553 | Orc:1    | Reached skill level 17 in Polearms
 16697 | Orc:1    | Noticed Erolcha
 16948 | Lair:1   | Entered Level 1 of the Lair of Beasts
 16965 | Lair:1   | Reached XP level 12. HP: 83/98 MP: 12/12
 17658 | Lair:1   | Got a pair of bloodstained boots
 17672 | Lair:1   | Identified the cursed +0 pair of boots of Yvife {+Inv rElec rF+ Regen+} (You found it on level 1 of the Lair of Beasts)
 18054 | Lair:1   | Got a crude robe
 18289 | Lair:2   | Reached **** piety under Wu Jian
 18340 | Lair:2   | Noticed a seven-headed hydra
 18993 | Lair:2   | Reached skill level 18 in Polearms
 19032 | Lair:3   | Identified the cursed +0 robe "Une Arph" {+Fly rPois Dex-2 SInv} (You found it on level 1 of the Lair of Beasts)
 19051 | Lair:3   | Noticed a death yak
 19060 | Lair:3   | Noticed a death yak
 19065 | Lair:3   | Noticed a death yak
 19067 | Lair:3   | Noticed a death yak
 19197 | Lair:3   | Killed a death yak
 19223 | Lair:3   | Killed a death yak
 19234 | Lair:3   | Killed a death yak
 19252 | Lair:3   | Killed a death yak
 19333 | Lair:3   | Found a staircase to the Snake Pit.
 19418 | Lair:3   | Found a staircase to the Shoals.
 19446 | Lair:3   | Noticed Urug
 19459 | Lair:3   | Reached skill level 19 in Polearms
 19468 | Lair:3   | Found a labyrinth entrance.
 19477 | Lab      | Entered a labyrinth
 19810 | Lab      | Noticed a minotaur
 19821 | Lab      | HP: 3/100 [minotaur/quarterstaff (27)]
 19821 | Lab      | Demolished by a minotaur

Skill      XL: |  1  2  3  4  5  6  7  8  9 10 11 12 |
---------------+-------------------------------------+-----
Polearms       | 5 6 7 8 9 11 12 13 15 17 19 | 19.0
Dodging        | 5 7 10 11 12 14 | 14.0
Shields        | 1 2 3 4 |  4.0
Fighting       | 4 7 9 10 11 | 11.4
Throwing       | |  2.0

Action                   |  1- 3 |  4- 6 |  7- 9 | 10-12 || total
-------------------------+-------+-------+-------+-------++-------
Melee: Spear             |   144 |   273 |   821 |    78 ||  1316
       Trident           |     5 |       |     1 |       ||     6
       Tailslap          |       |     5 |    51 |    20 ||    76
       Halberd           |       |       |       |   641 ||   641
Throw: Throwing net      |       |     3 |     2 |    12 ||    17
       Tomahawk          |       |       |     5 |    39 ||    44
Invok: Whirlwind         |       |       |    43 |   137 ||   180
       Lunge             |       |       |    21 |    71 ||    92
       Wall Jump         |       |       |       |    35 ||    35
Evoke: Wand              |       |       |     5 |    37 ||    42
  Use: Potion            |       |     9 |     5 |     1 ||    15
       Scroll            |       |       |     7 |    11 ||    18
 Stab: Sleeping          |     5 |    13 |    10 |     8 ||    36
       Distracted        |     1 |       |     4 |     1 ||     6
       Held in net/web   |       |     1 |     1 |    12 ||    14
       Paralysed         |       |       |    10 |       ||    10
  Eat: Chunk             |     2 |    11 |    16 |    17 ||    46
       Ration            |       |     1 |     2 |     2 ||     5
Armor: Leather armour    |    15 |    30 |    77 |    31 ||   153
       Skin              |       |    10 |       |       ||    10
       Troll leather arm |       |       |       |    20 ||    20
Dodge: Dodged            |    63 |   102 |   380 |   420 ||   965
Block: Shield            |       |    71 |    70 |       ||   141
